 Dungeon Crawl Stone Soup version 0.31-a0-544-gceb718ecc6 (webtiles) character file.

Game seed: 11284737480588710709

315 RepHenryClay the Conjurer (level 6, -4/32 HPs)
             Began as a Deep Elf Conjurer on Aug 15, 2023.
             Slain by an orc
             ... wielding a +0 flail
              (8 damage)
             ... on level 4 of the Dungeon.
             The game lasted 00:05:10 (2882 turns).

RepHenryClay the Conjurer (Deep Elf Conjurer)       Turns: 2882, Time: 00:05:10

Health: -4/32      AC:  3    Str:  4    XL:     6   Next: 20%
Magic:  8/22       EV: 13    Int: 23    God:
Gold:   169        SH:  0    Dex: 15    Spells: 3/12 levels left

rFire   . . .        a - +1 dagger (pain)
rCold   . . .        (no shield)
rNeg    . . .        p - +0 robe
rPois   .            j - +0 helmet
rElec   .            (no cloak)
rCorr   .            (no gloves)
SInv    .            (no boots)
Will    +....        (no amulet)
Stlth   ++           g - ring of magical power
HPRegen 0.25/turn    (no ring)
MPRegen 0.18/turn

%: no passive effects
@: mighty, brilliant, enlightened, flying, invisible
A: no striking features
a: no special abilities


You were on level 4 of the Dungeon.
You visited 1 branch of the dungeon, and saw 4 of its levels.

You collected 169 gold pieces.

Inventory:

Hand Weapons
 a - a +1 dagger of pain (weapon)
 f - a +0 long sword of electrocution
Armour
 j - a +0 helmet (worn)
 p - a +0 robe (worn)
Magical Staves
 u - a staff of fire
 v - a staff of air
Jewellery
 g - a ring of magical power (left hand)
Scrolls
 c - a scroll of fog {unknown}
 h - a scroll of poison {unknown}
 k - a scroll of blinking {unknown}
 m - a scroll of enchant armour {unknown}
 n - a scroll of immolation {unknown}
 o - a scroll of torment {unknown}
 r - a scroll of enchant weapon {unknown}
 s - a scroll of teleportation {unknown}
 t - a scroll of amnesia {unknown}
Potions
 b - a potion of magic
 d - 2 potions of enlightenment
 i - a potion of invisibility
 l - a potion of curing
 q - a potion of brilliance


   Skills:
 + Level 3.1 Dodging
 - Level 3.1 Stealth
 + Level 3.7 Spellcasting
 - Level 7.6 Conjurations


You had 3 spell levels left.
You knew the following spells:

 Your Spells              Type           Power      Damage    Failure   Level
a - Magic Dart            Conj           100%       1d8       1%          1
b - Searing Ray           Conj           100%       2d8       1%          2
c - Iskenderun's Mystic   Conj/Tloc      32%        2d8       22%         4
Q - Blink                 Tloc           12%        N/A       16%         2

Your spell library contained the following spells:

 Spells                   Type           Power      Damage    Failure   Level
 Momentum Strike          Conj/Tloc      64%        3d9       3%          2
 Dazzling Flash           Conj/Hex       64%        N/A       7%          3
 Ensorcelled Hibernation  Hex/Ice        12%        N/A       16%         2
 Lesser Beckoning         Tloc           12%        N/A       16%         2
 Passwall                 Tmut/Erth      5%         N/A       16%         2
 Sublimation of Blood     Necr           6%         N/A       16%         2
 Wereblood                Tmut           6%         N/A       16%         2
 Swiftness                Air            6%         N/A       32%         3
 Fulminant Prism          Conj/Hex       16%        3d10      22%         4
 Summon Hydra             Summ           3%         N/A       100%        7


Dungeon Overview and Level Annotations

Branches:
Dungeon (4/15)
 Temple: D:4-7

Altars:
Cheibriados
Yredelemnul

Shops:
D:1 :   D:2 [   D:3 [=


Message History

The magic dart hits you.
* * * LOW HITPOINT WARNING * * *
Something hits you but does no damage.
Huge Dmg: -19%(-6hp) hp: 16%(5hp) It was a potion of enlightenment.
You feel very buoyant.
You fly up into the air.
You hear some strange, mumbled words.
A puff of flame appears from out of thin air!
The puff of flame misses you.
It was a potion of invisibility.
You fade into invisibility!
The orc completely misses you. Something hits you but does no damage.
The orc wizard hits you with a +0 dagger.
* * * LOW HITPOINT WARNING * * *
Huge Dmg: -6%(-2hp) hp: 13%(4hp) It was a potion of curing.
You feel better. The orc misses you. Something hits you but does no damage.
The orc wizard hits you with a +0 dagger.
* * * LOW HITPOINT WARNING * * *
It was a potion of brilliance.
You feel clever all of a sudden.
An orc wizard appears from thin air!
Reactivating autopickup.
The orc closely misses you.
The orc wizard hits you with a +0 dagger.
* * * LOW HITPOINT WARNING * * *
The orc wizard closely misses you.
Huge Dmg: -9%(-3hp) hp: 16%(5hp) It was a potion of might.
You feel very mighty all of a sudden.
The orc wizard points at you and mumbles some strange words.
You resist with almost no effort. The orc wizard barely misses you.
The orc closely misses you.
You hit the orc wizard.
You kill the orc wizard!
The orc wizard hits you with a +0 dagger.
* * * LOW HITPOINT WARNING * * *
The orc hits you with a +0 flail!
You die...

#.# #.# .. .#
#.# ##'####.#
########.#
#.......#####
.......#.#
#.......#...
.........#
.........###.
.(.....###
#...........
.....<.#
#....P._.P..
.......#
#...@o......
.#######
#..)#o.##.#.#
####
#...#.###'#.#
...#
#.).#.......#
##.#
#...#...)...#
#.#
#..)#.......#
##.#
####...#......#
...#
#.............#
####
#.............#


You could see an orc wizard (unable to see you) and an orc (unable to see you).

Vanquished Creatures
  2 orc priests
  4 orc wizards
  Natasha (thrice) (D:2)
  A mummy (D:3)
  2 adders
  2 dart slugs
  12 orcs
  4 endoplasms
  6 giant cockroaches
  4 goblins
  7 hobgoblins
  2 kobolds
  3 quokkas
  3 ball pythons
  6 bats
  5 frilled lizards
  4 rats
70 creatures vanquished.

Notes
Turn   | Place    | Note
-------+----------+-------------------------------------------
     0 | D:1      | RepHenryClay the Deep Elf Conjurer began the quest for the
                  | Orb.
     0 | D:1      | Reached XP level 1. HP: 10/10 MP: 6/6
   394 | D:1      | Found Jouzxaulu's Book Emporium.
   497 | D:1      | Reached XP level 2. HP: 15/15 MP: 8/8
   939 | D:2      | Noticed Natasha
   944 | D:2      | Killed Natasha
   945 | D:2      | Reached XP level 3. HP: 17/19 MP: 10/10
   948 | D:2      | Learned a level 2 spell: Searing Ray
  1123 | D:2      | Noticed Natasha
  1127 | D:2      | Killed Natasha
  1128 | D:2      | Reached skill level 5 in Conjurations
  1128 | D:2      | Reached XP level 4. HP: 24/24 MP: 11/11
  1133 | D:2      | Noticed Natasha
  1138 | D:2      | Killed Natasha
  1323 | D:2      | Reached skill level 6 in Conjurations
  1329 | D:2      | Reached XP level 5. HP: 14/28 MP: 11/12
  1391 | D:2      | Found Xant's Antique Armour Shoppe.
  1444 | D:2      | Identified the +0 robe "Neugaonk" {Regen+ Str+7 Int-3
                  | Stlth+}
  1797 | D:3      | Found Xaollug's Jewellery Shoppe.
  1837 | D:3      | Found a snail-covered altar of Cheibriados.
  1993 | D:3      | Reached skill level 7 in Conjurations
  2306 | D:3      | Reached XP level 6. HP: 32/32 MP: 13/13
  2309 | D:3      | Learned a level 2 spell: Blink
  2314 | D:3      | Learned a level 4 spell: Iskenderun's Mystic Blast
  2373 | D:3      | Found Zopaatut's Antique Armour Shop.
  2865 | D:4      | Found a basalt altar of Yredelemnul.
  2882 | D:4      | Slain by an orc

Illustrated notes

Levels and vault maps discovered:
D:1:      dpeg_arrival_lava_temple_mockup, layout_loops_ring, serial_shops,
          nicolae_shop_just_a_little_nook
D:2:      layout_rooms, serial_shops, nicolae_shop_tiny_real_fake_doors,
          kennysheep_generic_room_14, uniq_natasha
D:3:      layout_basic, slow_altar_1, serial_shops,
          nicolae_shop_back_alley_shop, nicolae_shop_trees
D:4:      layout_basic, tso_altar, mainiacjoe_overflow_tiny_flanked,
          portal_sewer_entry_e, palyth_stone_intersect, serial_bayou_pond_c,
          minivault_11, dk_noncrumbling_3, uniq_sigmund

Skill      XL: |  1  2  3  4  5 |
---------------+----------------+-----
Dodging        | 3 |  3.1
Stealth        | 3 |  3.1
Conjurations   | 5 6 7 |  7.6
Spellcasting   | |  3.7

Action                     |  1- 3 |  4- 6 || total
---------------------------+-------+-------++-------
  Melee: Long sword        |    10 |       ||    10
         Dagger            |       |    12 ||    12
   Cast: Magic Dart        |    34 |    90 ||   124
         Searing Ray       |       |     9 ||     9
    Use: Potion            |       |     5 ||     5
   Stab: Sleeping          |     2 |       ||     2
 Armour: Robe              |     2 |     7 ||     9
  Dodge: Dodged            |     5 |    21 ||    26

Table legend: (Time is in decaauts)
 A = Elapsed time spent in this place.
 B = Non-inter-level travel time spent in this place.
 C = Inter-level travel time spent in this place.
 D = Time resting spent in this place.
 E = Time spent auto-exploring this place.
 F = Levels seen in this place.
 G = Mean time per level.
                   A        B        C        D        E       F      G
               +--------+--------+--------+--------+--------+-----+--------+
         Total |   2883 |   2775 |    108 |      2 |   2412 |   4 |  720.8 |
       Dungeon |   2883 |   2775 |    108 |      2 |   2412 |   4 |  720.8 |
               +--------+--------+--------+--------+--------+-----+--------+

Top non-repeatable levels by time:
     D:1: 903 daAuts
     D:3: 778 daAuts
     D:2: 761 daAuts
     D:4: 440 daAuts
